 Dungeon Sprint DCSS version 0.26-a0-651-gb41185065b (webtiles) character file.

Game seed: 16335413309907982945

96 mhtbhm the Chopper (level 4, 0/47 HPs)
             Began as a Minotaur Berserker on Sept 29, 2020.
             Was a Priest of Trog.
             Slain by a water elemental (8 damage)
             ... in the Dungeon (Sprint III: "The Ten Rune Challenge").
             The game lasted 00:00:44 (214 turns).

mhtbhm the Chopper (Minotaur Berserker)              Turns: 214, Time: 00:00:44

Health: 0/47       AC:  2    Str: 23    XL:     4   Next: 41%
Magic:  3/3        EV: 13    Int:  4    God:    Trog [***...]
Gold:   34         SH:  0    Dex: 11    Spells: 3/3 levels left

rFire    . . .     SeeInvis .   a - +0 hand axe
rCold    . . .     Faith    .   (no shield)
rNeg     . . .     Spirit   .   b - +0 animal skin
rPois    +         Reflect  .   (helmet restricted)
rElec    .         Harm     .   (no cloak)
rCorr    .         Rampage  .   (no gloves)
MR       .....     NoTele   +   (no boots)
Stlth    ++........             (no amulet)
HPRegen  0.15/turn              (no ring)
MPRegen  0.08/turn              (no ring)

@: engulfed (cannot breathe)
A: retaliatory headbutt, claws 1, horns 2, camouflage 1, agile 1, poison
resistance
a: Berserk, Trog's Hand, Renounce Religion


You were in the Dungeon.
You worshipped Trog.
Trog was most pleased with you.
You visited 1 branch You collected 34 gold pieces.

Inventory:

Hand Weapons
 a - a +0 hand axe (weapon)
Armour
 b - a +0 animal skin (worn)
Scrolls
 h - a scroll of blinking
 i - a scroll of torment {unknown}
 j - a scroll of immolation {unknown}
 k - 3 scrolls of remove curse
 l - a scroll of holy word {unknown}
 m - a scroll of random uselessness {unknown}
Potions
 c - a potion of curing
 d - a potion of heal wounds
 e - a potion of haste
 f - 2 potions of magic
 g - a potion of berserk rage
 n - a potion of flight {unknown}
 o - 3 potions of mutation


   Skills:
 + Level 7.4 Fighting
 + Level 7.6 Axes
 + Level 4.1 Armour
 + Level 3.7 Dodging


You had 3 spell levels left.
You didn't know any spells.
Your spell library was empty.

Dungeon Overview and Level Annotations

Branches:
Dungeon (1/1)

Altars:


Innate Abilities, Weirdness & Mutations

You reflexively headbutt those who attack you in melee.
You have a pair of horns on your head.
You have sharp fingernails.
Your skin changes colour to match your surroundings (Stealth+).
You are agile. (Dex +2)
Your system is resistant to poisons. (rPois)


Message History

You barely miss the water elemental.
You headbutt the water elemental, but do no damage.
The water elemental is heavily damaged.
The water elemental misses you.
You barely miss the water elemental.
The water elemental is heavily damaged.
The water elemental hits you!!
The water elemental engulfs you in water!
You hit the water elemental.
The water elemental is severely damaged.
* * * LOW HITPOINT WARNING * * *
Your lungs strain for air!
The water elemental hits you.
* * * LOW HITPOINT WARNING * * *
You hit the water elemental.
The water elemental is severely damaged.
* * * LOW HITPOINT WARNING * * *
Your lungs strain for air!
The water elemental hits you!
You die...

▓▓▓▓▓▓▓ ▓▓▓ ..#...####
##.# ..#......#####..#
.##....)..#..#..#
#.##.##...#..#..###+#+##
#.##.###..##'#..#.......
.####.##..###...@.⌠.....
###..##..####...#E..####
..†..##..###....#.⌠.#
##..##...##.....#...#
#..##....#......#+###
..###..##.#.....# ..#
#.. ####....# ▓▓▓ ▓▓▓
▓▓▓▓▓▓


You could see a water elemental.

Vanquished Creatures
  A scorpion (D)
  Jessica (D)
  A human (D)
  An ooze (D)
  2 rats (D)
6 creatures vanquished.

Vanquished Creatures (others)
  2 plants (D)
2 creatures vanquished.

Grand Total: 8 creatures vanquished

Notes
Turn   | Place    | Note
-------+----------+-------------------------------------------
     0 | D        | mhtbhm the Minotaur Berserker began the quest for the Orb.
     0 | D        | Reached XP level 1. HP: 19/19 MP: 0/0
    42 | D        | Noticed Jessica
    47 | D        | Killed Jessica
    47 | D        | Reached ** piety under Trog
    47 | D        | Reached skill level 5 in Fighting
    47 | D        | Reached skill level 5 in Axes
    47 | D        | Reached XP level 2. HP: 30/30 MP: 1/1
    47 | D        | Reached XP level 3. HP: 37/37 MP: 2/2
   128 | D        | Noticed a scorpion
   130 | D        | Killed a scorpion
   130 | D        | Reached XP level 4. HP: 47/47 MP: 3/3
   141 | D        | Reached *** piety under Trog
   196 | D        | Gained mutation: You tend to lose your temper in combat.
                  | [potion of mutation]
   196 | D        | Gained mutation: You do not regenerate when monsters are
                  | visible. [potion of mutation]
   196 | D        | Gained mutation: Your skin changes colour to match your
                  | surroundings (Stealth+). [potion of mutation]
   196 | D        | Gained mutation: You have sharp fingernails. [potion of
                  | mutation]
   197 | D        | Lost mutation: You tend to lose your temper in combat.
                  | [potion of mutation]
   197 | D        | Gained mutation: Potions are less effective at restoring
                  | your health. [potion of mutation]
   197 | D        | Gained mutation: Your mind is acute. (Int +2) [potion of
                  | mutation]
   198 | D        | Lost mutation: Your mind is acute. (Int +2) [potion of
                  | mutation]
   198 | D        | Lost mutation: You do not regenerate when monsters are
                  | visible. [potion of mutation]
   198 | D        | Gained mutation: Scrolls take you a little longer to read.
                  | [potion of mutation]
   198 | D        | Gained mutation: Your mind is acute. (Int +2) [potion of
                  | mutation]
   199 | D        | Lost mutation: Potions are less effective at restoring your
                  | health. [potion of mutation]
   199 | D        | Lost mutation: Your mind is acute. (Int +2) [potion of
                  | mutation]
   199 | D        | Lost mutation: Scrolls take you a little longer to read.
                  | [potion of mutation]
   199 | D        | Gained mutation: Your system is resistant to poisons.
                  | (rPois) [potion of mutation]
   199 | D        | Gained mutation: You are agile. (Dex +2) [potion of
                  | mutation]
   205 | D        | Noticed a water elemental
   214 | D        | Slain by a water elemental

Illustrated notes

Levels and vault maps discovered:
D:        dungeon_sprint_mu [sprint_mu_entry_cave, sprint_mu_temple_rooms,
          sprint_mu_d1_horrors, sprint_mu_d2_genie, sprint_mu_d3_branching,
          sprint_mu_orc_legion, sprint_mu_elf_gauntlet, sprint_mu_hive_nellie,
          sprint_mu_lair_fedhas, sprint_mu_vaults_butterflies,
          sprint_mu_slime_circle, sprint_mu_swamp_cave, sprint_mu_shoals_archi,
          sprint_mu_blade_basic, sprint_mu_crypt_chambers,
          sprint_mu_tomb_spiral, sprint_mu_vestibule_basic,
          sprint_mu_gehenna_hellfire, sprint_mu_dis_giant,
          sprint_mu_tartarus_statrot, sprint_mu_cocytus_islands, sprint_mu_zot1]

Skill      XL: |  1  2  3 |
---------------+----------+-----
Fighting       | 5 7 |  7.4
Axes           | 5 7 |  7.6
Armour         | 3 4 |  4.1
Dodging        | 3 |  3.7

Action                   |  1- 3 |  4- 6 || total
-------------------------+-------+-------++-------
Melee: Hand axe          |     8 |    19 ||    27
       Headbutt          |       |     4 ||     4
Invok: Berserk           |     2 |       ||     2
  Use: Potion            |       |     4 ||     4
Armor: Animal skin       |     1 |       ||     1
Dodge: Dodged            |     4 |     9 ||    13

Table legend: (Time is in decaauts)
 A = Elapsed time spent in this place.
 B = Non-inter-level travel time spent in this place.
 C = Inter-level travel time spent in this place.
 D = Time resting spent in this place.
 E = Time spent auto-exploring this place.
 F = Levels seen in this place.
 G = Mean time per level.
                   A        B        C        D        E       F      G
               +--------+--------+--------+--------+--------+-----+--------+
         Total |    238 |    238 |      0 |    116 |     16 |   1 |  238.0 |
       Dungeon |    238 |    238 |      0 |    116 |     16 |   1 |  238.0 |
               +--------+--------+--------+--------+--------+-----+--------+

Top non-repeatable levels by time:
       D: 238 daAuts
